 Dungeon Crawl Stone Soup version 0.23.2-33-g5129a83184 (webtiles) character file.

Game seed: 1490424441250533521

33 ANON1729 the Skirmisher (level 3, -3/29 HPs)
             Began as a Demonspawn Monk on Aug 11, 2019.
             Slain by a hellwing (5 damage)
             ... summoned by a kobold demonologist
             ... on level 3 of the Dungeon.
             The game lasted 00:02:03 (1445 turns).

ANON1729 the Skirmisher (Demonspawn Monk)           Turns: 1445, Time: 00:02:03

Health: -3/29      AC:  2    Str: 11    XL:     3   Next: 12%
Magic:  3/3        EV: 13    Int: 12    God:
Gold:   77         SH:  0    Dex: 15    Spells: 2/2 levels left

rFire    . . .     SeeInvis .   a - +0 spear
rCold    . . .     Gourm    .   (no shield)
rNeg     . . .     Faith    .   b - +0 robe
rPois    .         Spirit   .   (helmet restricted)
rElec    .         Reflect  .   (no cloak)
rCorr    .         Harm     .   (no gloves)
MR       .....                  (no boots)
Stlth    +.........             (no amulet)
HPRegen  0.09/turn              (no ring)
MPRegen  0.08/turn              (no ring)

@: very slow
A: antennae 1, demonic guardian 1
a: no special abilities


You were on level 3 of the Dungeon.
You were hungry.

You visited 1 branch of the dungeon, and saw 3 of its levels.

You collected 77 gold pieces.

Inventory:

Hand Weapons
 a - a +0 spear (weapon)
Armour
 b - a +0 robe (worn)
Wands
 r - a wand of acid (7)
Scrolls
 d - 2 scrolls of fog {unknown}
 e - a scroll of remove curse {unknown}
 g - a scroll of identify {unknown}
 k - a scroll of amnesia {unknown}
 l - a scroll of fear {unknown}
 n - 2 scrolls of teleportation {unknown}
 p - a scroll of enchant armour {unknown}
Potions
 f - 3 potions of flight {unknown}
 h - 4 potions of ambrosia {unknown}
 i - a potion of brilliance {unknown}
 j - a potion of haste {unknown}
 m - 2 potions of lignification {unknown}
 o - a potion of experience {unknown}
 q - a potion of berserk rage {unknown}
Comestibles
 c - 4 rations


   Skills:
 + Level 3.3 Fighting
 + Level 3.0 Polearms
 + Level 3.0 Dodging
 + Level 2.3 Stealth


You had 2 spell levels left.
You didn't know any spells.
Your spell library was empty.

Dungeon Overview and Level Annotations

Branches:
Dungeon (3/15)

Altars:

Annotations:
D:3 1 transporter


Innate Abilities, Weirdness & Mutations

You have a pair of small antennae on your head.
A weak demonic guardian rushes to your aid.


Message History

* * * LOW HITPOINT WARNING * * *
The crimson imp lashes its tail.
The crimson imp closely misses you.
The kobold demonologist mumbles some strange words.
The quasit closely misses you.
The quasit claws you but does no damage.
The quasit claws you.
* * * LOW HITPOINT WARNING * * *
The iron imp hits you.
* * * LOW HITPOINT WARNING * * *
Found 22 gold pieces.
Found a transporter.
The crimson imp closely misses you. The quasit misses you.
The quasit closely misses you.
The quasit splashes around in the water.
The iron imp puffs mist at you.
Your iron imp hits the quasit.
The crimson imp hits you but does no damage.
You hear the slow rusting of a distant drain.
The hellwing hits you.
You die...

#..... .....#
#.#########.#
#.#8P$©$P8#.#
#.#≈..(..P#.#
#.####+####.#
#.#.≈...≈.#.#
#.#.≈...≈.#.#
#.#5≈≈@≈≈5#.#
#.#o≈4♣5≈.#.#
#.#o≈5≈5≈.#.#
#########
#.#K≈...≈.#.#
#.......#
#.#.≈...≈.#.#
#.......#
#.####'####.#
#.......#
#.#P.....P#.#
#........
#.#8P.©.P8#.#
#######..
#.#########.#
#..


You could see a hellwing, a kobold demonologist, 2 orc priests, a quasit, a
crimson imp, 2 shadow imps and a friendly iron imp.

Vanquished Creatures
  An adder (D:2)
  A dart slug (D:2)
  A leopard gecko (D:1)
  2 giant cockroaches (D:1)
  4 goblins
  3 hobgoblins
  2 kobolds
  2 bats
  3 frilled lizards
  3 rats (D:1)
22 creatures vanquished.

Notes
Turn   | Place    | Note
-------+----------+-------------------------------------------
     0 | D:1      | ANON1729 the Demonspawn Monk began the quest for the Orb.
     0 | D:1      | Reached XP level 1. HP: 18/18 MP: 1/1
   401 | D:1      | Gained mutation: You have a pair of small antennae on your
                  | head. [demonic ancestry]
   401 | D:1      | Reached XP level 2. HP: 23/24 MP: 2/2
   598 | D:1      | HP: 1/24 [leopard gecko (4)]
  1245 | D:2      | Gained mutation: A weak demonic guardian rushes to your
                  | aid. [demonic ancestry]
  1245 | D:2      | Reached XP level 3. HP: 29/29 MP: 3/3
  1427 | D:3      | Found a transporter.
  1430 | D:3      | Noticed a kobold demonologist
  1443 | D:3      | Found a transporter.
  1444 | D:3      | Noticed a hellwing
  1445 | D:3      | Slain by a hellwing

Skill      XL: |  1  2 |
---------------+-------+-----
Stealth        | 2 |  2.3
Polearms       | 3 |  3.0
Dodging        | 3 |  3.0
Fighting       | |  3.3

Action                   || total
-------------------------++-------
Melee: Spear             ||    79
 Stab: Sleeping          ||     5
  Eat: Chunk             ||     1
Armor: Robe              ||    11
Dodge: Dodged            ||    52
